 Dungeon Crawl Stone Soup version 0.29-a0-222-g5b244fca1f (console) character file.

Game seed: 5936682033696661703

87 CannotBeFrozen the Shooter (level 4, 0/36 HPs)
             Began as a Demigod Hunter on Feb 27, 2022.
             Killed from afar by an orc wizard (7 damage)
             ... with a puff of flame
             ... on level 3 of the Dungeon.
             The game lasted 00:05:26 (2178 turns).

CannotBeFrozen the Shooter (Demigod Hunter)         Turns: 2178, Time: 00:05:26

Health: 0/36       AC:  5    Str: 13    XL:     4   Next: 7%
Magic:  6/6        EV: 15    Int: 13    God:
Gold:   168        SH:  0    Dex: 18    Spells: 3/3 levels left

rFire   . . .      SeeInvis .   a - +1 shortbow
rCold   . . .      Faith    .   (shield currently unavailable)
rNeg    . . .      Spirit   .   o - +0 ring mail
rPois   .          Reflect  .   (no helmet)
rElec   .          Harm     .   (no cloak)
rCorr   .          Rampage  .   (no gloves)
Will    .....                   (no boots)
Stlth   +.........              (no amulet)
HPRegen 0.12/turn               h - +4 ring of evasion
MPRegen 0.10/turn               (no ring)

@: no status effects
A: high MP 1, forlorn, divine attributes
a: no special abilities


You were on level 3 of the Dungeon.
You visited 1 branch of the dungeon, and saw 3 of its levels.

You collected 168 gold pieces.

Inventory:

Hand Weapons
 a - a +1 shortbow (weapon)
 b - a +3 rapier
Missiles
 c - 3 silver javelins
 p - 3 poisoned darts
Armour
 o - a +0 ring mail (worn)
 q - a +0 leather armour
Jewellery
 h - a +4 ring of evasion (left hand)
 n - an amulet of magic regeneration
Wands
 r - a wand of flame (12)
Scrolls
 d - 3 scrolls of identify {unknown}
 f - 2 scrolls of magic mapping {unknown}
 i - a scroll of fog {unknown}
 k - a scroll of enchant weapon {unknown}
 m - a scroll of amnesia {unknown}
Potions
 e - 2 potions of heal wounds {unknown}
 g - a potion of mutation {unknown}
 j - 3 potions of curing {@q1}
 l - a potion of ambrosia {unknown}
 s - a potion of attraction {unknown}


   Skills:
 - Level 1.7 Fighting
 + Level 5.3 Bows
 - Level 1.7 Dodging
 - Level 0.8 Stealth


You had 3 spell levels left.
You didn't know any spells.
Your spell library was empty.

Dungeon Overview and Level Annotations

Branches:
Dungeon (3/15)

Shops:
D:2 (   D:3 (


Innate Abilities, Weirdness & Mutations

You have an increased reservoir of magic. (+10% MP)
You shall have no god before yourself.
Your divine heritage dramatically boosts your attributes as you level up.


Message History

HP: 8/36 (-1) ==---------- You feel sick.
You feel sick.
HP: 7/36 (-1) ==---------- You feel sick.
You are no longer poisoned.
HP: 6/36 (-1) ==---------- An orc wizard appears from thin air!
Reactivating autopickup.
There is a stone staircase leading down here.
The orc wizard points at you and mumbles some strange words.
You resist with some effort.
Shoot: a) +1 shortbow
Press: ? - help, Q - select action, (/) - cycle Shift-Dir - straight line, f - orc wizard
Aim: an orc wizard, wielding a +1 dagger of venom and wearing a +0 robe (heavily wounded, 58% to hit)
You shoot an arrow. The arrow barely misses the orc wizard.
The orc wizard gestures wildly while chanting.
The orc wizard flickers and vanishes!
Deactivating autopickup; reactivate with Ctrl-A.
You hear some strange, mumbled words.
Something tries to affect you, but you resist.
A magic dart appears from out of thin air!
The magic dart hits you.
* * * LOW HITPOINT WARNING * * *
HP: 5/36 (-2) =----------- It was a potion of curing.
You feel better.
A puff of flame appears from out of thin air!
The puff of flame hits you.
* * * LOW HITPOINT WARNING * * *
HP: 7/36 (-4) ==---------- !
Okay, then.
Shoot: a) +1 shortbow
Press: ? - help, Q - select action, (/) - cycle Shift-Dir - straight line, f - you
Okay, then.
Shoot: a) +1 shortbow
Press: ? - help, Shift-Dir - straight line You shoot an arrow.
A puff of flame appears from out of thin air!
The puff of flame hits you!
You die...

#..# #.##...........###...##.###..#.#..######
####..#####............#..#..#...#.#....∩........#
..)...>...###########.###...###........#.#...###.#
####..###.# #..#..#..#...####.#...#..# #.#
####..###.## #....###...#.# #.......## #.#
..####.....##########.#...###)##.# #####.### #.#
###.#####..##...^........#.....#.# #.# #.#
##_.≈###.....>........#.....#...# #### #.# #.#
#8...'.......######..###{.)###..# #.. ..# #.#
###_.≈###.##### #...#.....#...###.# ##.# #
#.#####.### ####...###@.....##)# #..#
######......# #.....## ###.###.#.# #.##
##.....##.#.# #.##### #.## ##..# #.# ..........#.#
#.# #.# #..# #.# ##.....####.# #.# #.##
##..##########.# #........#.#######.#
##.###.#.##.........# ########...........#
#.......##.######### ###.######### #...######.#
#.# #..........# #.# #...################ #.#
########...##.............#


There were no monsters in sight!

Vanquished Creatures
  A jelly (D:3)
  An adder (D:2)
  A worm (D:2)
  A dart slug (D:2)
  4 orcs (D:3)
  4 endoplasms
  3 giant cockroaches (D:2)
  A hobgoblin (D:2)
  2 quokkas
  4 ball pythons
  3 bats (D:1)
  A frilled lizard (D:1)
  8 goblins
  4 kobolds
  A rat (D:1)
39 creatures vanquished.

Notes
Turn   | Place    | Note
-------+----------+-------------------------------------------
     0 | D:1      | CannotBeFrozen the Demigod Hunter began the quest for the
                  | Orb.
     0 | D:1      | Reached XP level 1. HP: 17/17 MP: 3/3
   264 | D:1      | Reached skill level 4 in Bows
   427 | D:1      | Reached XP level 2. HP: 24/24 MP: 4/4
  1130 | D:2      | Found Zeaneq's Antique Weapon Emporium.
  1141 | D:2      | Reached XP level 3. HP: 25/29 MP: 5/5
  1693 | D:3      | Reached skill level 5 in Bows
  2001 | D:3      | Found Vepp's Antique Weapon Emporium.
  2105 | D:3      | Reached XP level 4. HP: 36/36 MP: 6/6
  2178 | D:3      | Killed from afar by an orc wizard

Illustrated notes

Levels and vault maps discovered:
D:1:      matt_arrival_grand_opening, layout_rooms, minmay_misc_feat_rugged
D:2:      layout_basic, chequers_ecumenical_altar_simple_redux, serial_shops,
          nicolae_shop_behind_doors
D:3:      layout_loops_ring, gammafunk_temple_overflow_statue, serial_shops,
          nicolae_shop_advertising_works [nicolae_subvault_shop_adworks],
          minmay_strange_pillars

Skill      XL: |  1  2  3 |
---------------+----------+-----
Bows           | 4 5 |  5.3
Fighting       | |  1.7
Dodging        | |  1.7
Stealth        | |  0.8

Action                   |  1- 3 |  4- 6 || total
-------------------------+-------+-------++-------
 Fire: Shortbow          |   116 |    19 ||   135
  Use: Potion            |       |     1 ||     1
Armor: Leather armour    |     6 |       ||     6
       Ring mail         |       |     1 ||     1
Dodge: Dodged            |    32 |     3 ||    35

Table legend: (Time is in decaauts)
 A = Elapsed time spent in this place.
 B = Non-inter-level travel time spent in this place.
 C = Inter-level travel time spent in this place.
 D = Time resting spent in this place.
 E = Time spent auto-exploring this place.
 F = Levels seen in this place.
 G = Mean time per level.
                   A        B        C        D        E       F      G
               +--------+--------+--------+--------+--------+-----+--------+
         Total |   2221 |   2151 |     70 |     12 |   1681 |   3 |  740.3 |
       Dungeon |   2221 |   2151 |     70 |     12 |   1681 |   3 |  740.3 |
               +--------+--------+--------+--------+--------+-----+--------+

Top non-repeatable levels by time:
     D:2: 834 daAuts
     D:3: 730 daAuts
     D:1: 656 daAuts
